 Dungeon Crawl Stone Soup version 0.29.1-4-g47bece8355 (webtiles) character file.

Game seed: 10810750693160429455

30 GigaChad the Slasher (level 3, -3/33 HPs)
             Began as a Minotaur Berserker on Dec 9, 2022.
             Was a Follower of Trog.
             Slain by Terence
             ... wielding a +0 falchion
              (5 damage)
             ... on level 2 of the Dungeon.
             The game lasted 00:02:20 (1483 turns).

GigaChad the Slasher (Minotaur Berserker)           Turns: 1483, Time: 00:02:20

Health: -3/33      AC:  8    Str: 23    XL:     3   Next: 3%
Magic:  2/2        EV:  5    Int:  4    God:    Trog [*.....]
Gold:   56         SH:  0    Dex:  9    Spells: 2/2 levels left

rFire   . . .      SeeInvis .   a - +0 falchion
rCold   . . .      Faith    .   (no shield)
rNeg    . . .      Spirit   .   j - +0 chain mail
rPois   .          Reflect  .   (helmet restricted)
rElec   .          Harm     .   (no cloak)
rCorr   .          Rampage  .   (no gloves)
Will    .....                   (no boots)
Stlth   ..........              (no amulet)
HPRegen 0.11/turn               (no ring)
MPRegen 0.08/turn               (no ring)

@: constricted
A: horns 2, retaliatory headbutt
a: Renounce Religion, Berserk


You were on level 2 of the Dungeon.
You worshipped Trog.
Trog was aware of your devotion.
You visited 1 branch of the dungeon, and saw 2 of its levels.

You collected 56 gold pieces.

Inventory:

Hand Weapons
 a - a +0 falchion (weapon)
Armour
 b - a +0 animal skin
 j - a +0 chain mail (worn)
Scrolls
 c - a scroll of vulnerability {unknown}
 d - a scroll of summoning {unknown}
 e - 2 scrolls of identify
 f - a scroll of immolation {unknown}
 g - a scroll of poison {unknown}
 h - 2 scrolls of teleportation
 i - a scroll of fear {unknown}
 k - a scroll of blinking {unknown}
 m - 3 scrolls of magic mapping {unknown}
Potions
 l - a potion of curing {unknown}


   Skills:
 + Level 4.2 Fighting
 + Level 4.3 Long Blades
 + Level 2.6 Armour
 + Level 2.5 Dodging


You had 2 spell levels left.
You didn't know any spells.
Your spell library was empty.

Dungeon Overview and Level Annotations

Branches:
Dungeon (2/15)

Altars:

Annotations:
D:2 Terence


Innate Abilities, Weirdness & Mutations

You have a pair of horns on your head.
You reflexively headbutt those who attack you in melee.


Message History

Terence is heavily wounded.
The bat hits you but does no damage. Terence hits you with a +0 falchion!
The ball python bites you. The ball python constricts you.
You hit Terence but do no damage.
Terence is heavily wounded.
The bat closely misses you. The bat barely misses you.
Terence hits you but does no damage. The ball python bites you.
The ball python constricts you.
You hit Terence but do no damage.
Terence is heavily wounded.
The bat closely misses you. You furiously retaliate!
You headbutt the bat.
You kill the bat!
Trog accepts your kill. Terence hits you with a +0 falchion.
* * * LOW HITPOINT WARNING * * *
The ball python barely misses you. The ball python constricts you.
You hit Terence. Your headbutt misses Terence.
Terence is heavily wounded.
The ball python bites you but does no damage.
The ball python constricts you. Terence hits you but does no damage.
The ball python bites you but does no damage.
The ball python constricts you.
You hit Terence but do no damage.
Terence is heavily wounded.
Terence hits you with a +0 falchion.
* * * LOW HITPOINT WARNING * * *
The ball python bites you but does no damage.
The ball python constricts you.
You barely miss Terence.
Terence is heavily wounded.
Terence hits you but does no damage. The ball python barely misses you.
The ball python constricts you. Terence hits you with a +0 falchion.
* * * LOW HITPOINT WARNING * * *
Unknown command.
You closely miss Terence. Your headbutt misses Terence.
Terence is heavily wounded.
The ball python completely misses you. The ball python constricts you.
* * * LOW HITPOINT WARNING * * *
Terence hits you with a +0 falchion.
You die...

###########
#..........
#.......#
#..@@...###
#.<.S......
#........#.
#........#
#..........
####.#..=..
.#.###.
##.#


You could see Terence and a ball python.

Vanquished Creatures
  3 ball pythons (D:1)
  An endoplasm (D:1)
  A giant cockroach (D:1)
  2 goblins (D:1)
  A hobgoblin (D:1)
  5 jackals (D:1)
  4 kobolds (D:1)
  5 bats
  4 rats (D:1)
26 creatures vanquished.

Notes
Turn   | Place    | Note
-------+----------+-------------------------------------------
     0 | D:1      | GigaChad the Minotaur Berserker began the quest for the
                  | Orb.
     0 | D:1      | Reached XP level 1. HP: 19/19 MP: 0/0
    67 | D:1      | HP: 1/20 [hobgoblin (3)]
   701 | D:1      | Reached XP level 2. HP: 25/27 MP: 1/1
  1405 | D:1      | Reached XP level 3. HP: 33/33 MP: 2/2
  1465 | D:2      | Noticed Terence
  1483 | D:2      | Slain by Terence

Illustrated notes

Levels and vault maps discovered:
D:1:      saegor_arrival_simple_a, layout_basic
D:2:      layout_loops_corners, nicolae_ecumenical_oubliette, basic_altar,
          chequers_serial_rivers_micro_b, uniq_terence

Skill      XL: |  1  2 |
---------------+-------+-----
Fighting       | 4 |  4.2
Long Blades    | 4 |  4.3
Armour         | |  2.6
Dodging        | |  2.5

Action                   || total
-------------------------++-------
Melee: Falchion          ||    58
       Headbutt          ||     4
  Use: Scroll            ||     1
Armor: Animal skin       ||    12
       Chain mail        ||    23
Dodge: Dodged            ||    65
